 Dungeon Crawl Stone Soup version 0.32-a0-422-g28b100f618 (webtiles) character file.

Game seed: 17573916508273863855

49851 ChasmGuide the Thaumaturge (level 14, -1/133 HPs)
             Began as a Naga Alchemist on Feb 21, 2024.
             Was a High Priest of Vehumet.
             Killed from afar by a hell hound (16 damage)
             ... with a blast of flame
             ... on level 5 of the Lair of Beasts.
             The game lasted 00:26:52 (20656 turns).

ChasmGuide the Thaumaturge (Naga Alchemist)        Turns: 20656, Time: 00:26:53

Health: -1/133     AC:  9    Str: 10    XL:     14   Next: 52%
Magic:  4/32       EV: 11    Int: 27    God:    Vehumet [*****.]
Gold:   808        SH:  0    Dex: 12    Spells: 28/41 levels left

rFire   . . .        A - +3 trident (drain)
rCold   + . .        y - orb {light}
rNeg    . . .        L - +0 steam dragon scales
rPois   +            s - +0 helmet
rElec   .            (no cloak)
rCorr   .            (no gloves)
SInv    +            (no barding)
Will    +....        (no amulet)
Stlth   ++           C - ring of protection from cold
HPRegen 0.42/turn    B - +6 ring of intelligence
MPRegen 0.23/turn

%: no passive effects
@: weakened, spiked, glowing, very slow
A: AC +4, large, see invisible, deformed body, poison resistance, slowness 2,
spit poison 1, naga tail 2
a: Spit Poison, Renounce Religion


You were on level 5 of the Lair of Beasts.
You worshipped Vehumet.
Vehumet was extremely pleased with you.
You visited 3 branches of the dungeon, and saw 16 of its levels.

You collected 907 gold pieces.
You spent 99 gold pieces at shops.

Inventory:

Hand Weapons
 t - a +0 whip of draining
 u - a +2 whip of venom
 A - a +3 trident of draining (weapon)
 S - the +0 falchion of Tin Doli {holy, ^Contam rN+++ SInv Stlth-}
   (You found it on level 3 of the Lair of Beasts)

   rN+++:     It renders you almost immune to negative energy.
   SInv:      It lets you see invisible.
   ^Contam:   It causes magical contamination when unequipped.
   Stlth-:    It makes you less stealthy.
Armour
 a - a +0 robe
 s - a +0 helmet (worn)
 y - an orb of light (worn)
 G - a +0 cloak
 L - +0 steam dragon scales (worn)
 T - a +0 pair of gloves
Magical Staves
 r - a staff of cold {rC+ !a}
Jewellery
 w - a ring of protection from cold
 B - a +6 ring of intelligence (right hand)
 C - a ring of protection from cold (left hand)
 E - an amulet of reflection
 M - a ring of ice
 N - an amulet of faith
Wands
 c - a wand of quicksilver (5)
 i - a wand of roots (14)
 v - a wand of digging (5)
 H - a wand of mindburst (6)
 P - a wand of flame (13)
Scrolls
 e - 5 scrolls of revelation {unknown}
 h - 3 scrolls of enchant weapon {unknown}
 k - 4 scrolls of immolation {unknown}
 n - 4 scrolls of enchant armour {unknown}
 p - 7 scrolls of teleportation {@r3}
 q - 17 scrolls of identify {unknown}
 x - 2 scrolls of amnesia {unknown}
 z - 4 scrolls of blinking {unknown}
 I - 3 scrolls of fog {unknown}
 J - a scroll of summoning {unknown}
 K - 3 scrolls of noise {unknown}
 Q - 4 scrolls of fear {unknown}
 U - a scroll of silence {unknown}
Potions
 b - a potion of magic
 d - 2 potions of brilliance {unknown}
 f - 2 potions of cancellation {unknown}
 g - 2 potions of mutation {unknown}
 j - a potion of heal wounds {@q1}
 l - 7 potions of curing {unknown}
 m - a potion of berserk rage {unknown}
 o - 4 potions of lignification
 D - 2 potions of degeneration {unknown}
 F - 2 potions of haste {unknown}
 O - 4 potions of attraction {unknown}
 R - a potion of invisibility {unknown}
 V - a potion of enlightenment {unknown}


   Skills:
 + Level 10.8 Fighting
 - Level 4.0 Armour
 - Level 4.0 Dodging
 - Level 10.0 Stealth
 + Level 14.4 Spellcasting
 - Level 10.0 Conjurations
 - Level 6.0 Fire Magic
 - Level 3.0 Ice Magic
 - Level 3.0 Air Magic
 - Level 3.0 Earth Magic
 - Level 8.0 Alchemy


You had 28 spell levels left.
You knew the following spells:

 Your Spells              Type           Power      Damage    Failure   Level
a - Stone Arrow           Conj/Erth      100%       3d13      1%          3
f - Freezing Cloud        Conj/Ice/Air   24%        6-21      2%          5
o - Olgreb's Toxic Radia  Alch           58%        N/A       1%          4
s - Sting                 Conj/Alch      100%       1d9       1%          1

Your spell library contained the following spells:

 Spells                   Type           Power      Damage    Failure   Level
 Irradiate                Conj/Alch      30%        3d21      1%          5
 Mercury Vapours          Alch/Air       98%        N/A       1%          2
 Dazzling Flash           Conj/Hex       92%        N/A       1%          3
 Mephitic Cloud           Conj/Alch/Air  55%        N/A       1%          3
 Volatile Blastmotes      Fire/Tloc      70%        2d15      1%          3
 Flame Wave               Conj/Fire      58%        2d14      1%          4
 Sticky Flame             Fire/Alch      55%        2d10      1%          4
 Apportation              Tloc           38%        N/A       2%          1
 Ozocubu's Armour         Ice            35%        N/A       2%          3
 Alistair's Intoxication  Alch           38%        N/A       2%          5
 Jinxbite                 Hex            38%        N/A       4%          2
 Starburst                Conj/Fire      29%        6d9       4%          6
 Fugue of the Fallen      Necr           19%        N/A       9%          3
 Teleport Other           Tloc           19%        N/A       9%          3
 Animate Armour           Summ/Erth      54%        N/A       14%         4
 Manifold Assault         Tloc           19%        N/A       26%         4
 Lehudib's Crystal Spear  Conj/Erth      26%        10d7      95%         8
 Maxwell's Capacitive Co  Air            17%        ∞         100%        8


Dungeon Overview and Level Annotations

Branches:
Dungeon (10/15)            Temple (1/1) D:7            Lair (5/5) D:8
  Swamp (0/4) Lair:2        Snake (0/4) Lair:3        Slime (0/5) Lair:4
    Orc: D:9-12

Altars:
Ashenzari
Cheibriados
Dithmenos
Elyvilon
Fedhas
Gozag
Hepliaklqana
Kikubaaqudgha
Makhleb
Nemelex Xobeh
Okawaru
Qazlal
Ru
Sif Muna
Trog
Uskayaw
Vehumet
Wu Jian
Xom
Yredelemnul
Zin
The Shining One

Shops:
D:1 =   D:6 *

Annotations:
D:1 ignis
D:8 1 runed translucent door, BigAl98's ghost, novice MDFi
D:10 1 runed translucent door, munkybalat's ghost, novice FoHu


Innate Abilities, Weirdness & Mutations

Your serpentine skin is tough. (AC +4)
You have supernaturally acute eyesight. (SInv)
Armour fits poorly on your strangely shaped body.
Your system is resistant to poisons. (rPois)
You cover ground very slowly.
You can spit poison.
You can use your snake-like lower body to constrict enemies.


Message History

You hit the hell hound but do no damage.
You grab the hell hound. You constrict the hell hound.
The hell hound closely misses you. The hell hound bites you!
You hit the hell hound but do no damage.
The hell hound is lightly wounded.
You constrict the hell hound. The hell hound bites you!
The hell hound bites you but does no damage.
You hit the hell hound.
The hell hound is moderately wounded.
You constrict the hell hound. The hell hound closely misses you.
The hell hound barely misses you.
You hit the hell hound but do no damage.
The hell hound is heavily wounded.
You constrict the hell hound.
The hell hound bites you but does no damage.
The red devil hits you from afar with a +0 trident!
Barbed spikes become lodged in your body.
The hell hound bites you but does no damage.
You hit the hell hound.
The hell hound is heavily wounded.
You constrict the hell hound. The hell hound bites you!
* * * LOW HITPOINT WARNING * * *
The red devil hits you from afar with a +0 trident!
* * * LOW HITPOINT WARNING * * *
Barbed spikes become lodged in your body.
The hell hound bites you but does no damage.
The red devil hits you from afar with a +0 trident.
* * * LOW HITPOINT WARNING * * *
Barbed spikes become lodged in your body.
Unknown command.
You feel much better.
You constrict the hell hound. The hell hound breathes flames at you.
The blast of flame hits you!
* * * LOW HITPOINT WARNING * * *
The blast of flame hits you!
* * * LOW HITPOINT WARNING * * *
The blast of flame hits the hell hound.
The hell hound completely resists.
The hell hound breathes flames at you. The blast of flame hits you!
You die...

# §≈ ######### ##§§§
........#.....≈
...ß.ß).#......
..#.#...h4..._.
...ß.#.@#...... ..#.ß..†#
..... ...#.#..###############
..ß.ß...'.............#
........#...ß....ß....#
♣♣♣♣♣+#########.............#
♣♣.♣♣P♣♣♣ ######''#######
♣♣......%♣♣♣ ♣.....♣
♣♣...♣♣♣..÷.♣♣♣ ♣♣...♣♣


You could see a red devil and a hell hound (catching breath).

Vanquished Creatures
  2 dire elephants (Lair:5)
  Fannar (Lair:1)
  4 hydras
  A two-headed ogre (D:9)
  An occultist (Lair:5)
  A sixfirhy (Lair:5)
  A fire crab (D:8)
  Pikel (D:7)
  Maurice (D:8)
  4 black mambas
  16 cane toads
  23 elephants
  2 orange demons (Lair:5)
  Jeremiah (D:6)
  6 rime drakes
  8 komodo dragons
  Maggie (D:6)
  2 ice devils (Lair:5)
  4 polar bears
  A hellwing (Lair:5)
  Prince Ribbit (Lair:1)
  7 hornets
  9 dream sheep
  16 blink frogs
  2 wraiths
  5 wyverns
  An unseen horror simulacrum (D:9)
  3 steam dragons
  41 yaks
  4 basilisks
  Grum (Lair:1)
  3 vampire mosquitoes (D:10)
  3 nagas (Lair:3)
  Duvessa (D:5)
  12 water moccasins
  3 hell hounds (Lair:5)
  3 orc warriors
  A black bear (D:7)
  2 ice beasts
  2 ogres (D:5)
  21 wolves
  2 centaurs
  2 kobold brigands
  2 phantoms (D:7)
  15 bullfrogs
  A gnoll sergeant (D:7)
  4 scorpions
  Dowan (D:5)
  9 killer bees (D:8)
  An electric eel (D:7)
  4 howler monkeys
  A jelly (D:4)
  4 hounds
  3 orc priests
  3 bombardier beetles
  2 sleepcaps (D:6)
  2 iguanas
  5 orc wizards
  Robin (D:4)
  4 gnolls (D:7)
  14 adders
  4 white imps
  A howler monkey simulacrum (D:9)
  An ufetubus (D:9)
  4 dart slugs
  2 ribbon worms
  24 orcs
  8 bats
  7 endoplasms
  3 giant cockroaches
  15 goblins
  6 hobgoblins
  7 jackals
  34 kobolds
  7 quokkas
  7 ball pythons
  3 frilled lizards
  6 rats
  A butterfly (Lair:2)
442 creatures vanquished.

Notes
Turn   | Place    | Note
-------+----------+-------------------------------------------
     0 | D:1      | ChasmGuide the Naga Alchemist began the quest for the Orb.
     0 | D:1      | Reached XP level 1. HP: 15/15 MP: 3/3
   107 | D:1      | Found a faded altar of an unknown god.
   114 | D:1      | Reached XP level 2. HP: 22/22 MP: 1/5
   373 | D:1      | Reached XP level 3. HP: 28/28 MP: 4/6
   701 | D:1      | Got the Omnibus of Blinking Calefaction
   912 | D:1      | Reached skill level 5 in Alchemy
   912 | D:1      | Found Plog's One-of-a-Kind Rings.
  1348 | D:2      | Reached XP level 4. HP: 36/36 MP: 8/8
  1353 | D:2      | Learned a level 4 spell: Olgreb's Toxic Radiance
  1623 | D:2      | Reached skill level 3 in Spellcasting
  1815 | D:2      | Reached XP level 5. HP: 38/42 MP: 4/9
  3072 | D:4      | Noticed Robin
  3074 | D:4      | Reached XP level 6. HP: 47/49 MP: 6/11
  3077 | D:4      | Killed Robin
  3561 | D:4      | Reached skill level 4 in Spellcasting
  3692 | D:4      | Reached skill level 1 in Fighting
  3692 | D:4      | Reached XP level 7. HP: 48/57 MP: 0/13
  4218 | D:4      | Found an ornate altar of the Wu Jian Council.
  4253 | D:4      | Found a sparkling altar of Nemelex Xobeh.
  4284 | D:4      | Found a shimmering altar of Xom.
  4286 | D:4      | Found a white marble altar of Elyvilon.
  4287 | D:4      | Found a glowing golden altar of the Shining One.
  4337 | D:5      | Entered Level 5 of the Dungeon
  4426 | D:5      | Reached skill level 5 in Stealth
  4636 | D:5      | Noticed Dowan
  4637 | D:5      | Noticed Duvessa
  4643 | D:5      | Killed Duvessa
  4644 | D:5      | Reached XP level 8. HP: 25/72 MP: 0/14
  4644 | D:5      | Killed Dowan
  5285 | D:6      | Noticed Jeremiah
  5285 | D:6      | Noticed Maggie
  5297 | D:6      | Killed Maggie
  5298 | D:6      | Reached skill level 5 in Fighting
  5312 | D:6      | Killed Jeremiah
  5475 | D:6      | Reached XP level 9. HP: 82/82 MP: 8/15
  5633 | D:6      | Reached skill level 10 in Stealth
  5634 | D:6      | Found Cuivvepi's General Store.
  5820 | D:6      | Bought 3 scrolls of teleportation for 99 gold pieces
  6085 | D:7      | Found a staircase to the Ecumenical Temple.
  6731 | Temple   | Found a transporter.
  6731 | Temple   | Found a transporter.
  6731 | Temple   | Found a transporter.
  6731 | Temple   | Found a transporter.
  6731 | Temple   | Entered the Ecumenical Temple
  6752 | Temple   | Became a worshipper of Vehumet
  6904 | D:7      | Noticed a hornet
  6909 | D:7      | Killed a hornet
  7006 | D:7      | Noticed Pikel
  7012 | D:7      | Killed Pikel
  7013 | D:7      | Reached skill level 10 in Fighting
  7013 | D:7      | Reached skill level 1 in Armour
  7013 | D:7      | Reached XP level 10. HP: 102/102 MP: 2/16
  7888 | D:8      | Found a runed translucent door.
  7888 | D:8      | Found a shimmering altar of Xom.
  7888 | D:8      | Noticed BigAl98's ghost (novice MDFi)
  7889 | D:8      | Noticed a +1 dagger of chaos
  7907 | D:8      | Found a shadowy altar of Dithmenos.
  7960 | D:8      | Noticed Maurice
  7968 | D:8      | Noticed a fire crab
  7972 | D:8      | Killed Maurice
  8073 | D:8      | Killed a fire crab
  8373 | D:8      | Found a staircase to the Lair.
  8432 | D:8      | Reached * piety under Vehumet
  8432 | D:8      | Offered knowledge of Kiss of Death by Vehumet.
  8437 | D:8      | Reached skill level 5 in Spellcasting
  8711 | D:9      | Noticed a two-headed ogre
  8718 | D:9      | Killed a two-headed ogre
  8719 | D:9      | Reached skill level 6 in Spellcasting
  9041 | D:9      | Reached skill level 7 in Spellcasting
  9041 | D:9      | Reached XP level 11. HP: 72/108 MP: 1/21
  9189 | D:9      | Reached skill level 8 in Spellcasting
  9424 | D:9      | Learned a level 3 spell: Stone Arrow
  9461 | D:9      | Found the +7 Kryia's mail coat {PotionHeal*2 rC+}
  9834 | D:9      | Reached skill level 9 in Spellcasting
 10250 | D:10     | Entered Level 10 of the Dungeon
 10324 | D:10     | Found a hide-covered altar of Uskayaw.
 10431 | D:10     | Reached skill level 1 in Earth Magic
 11187 | D:10     | Offered knowledge of Shock by Vehumet.
 11285 | D:10     | Found a runed translucent door.
 11288 | D:10     | Noticed munkybalat's ghost (novice FoHu)
 11292 | D:10     | Identified the +9 spear of Dullness {drain, Int+3}
 11579 | Lair:1   | Entered Level 1 of the Lair of Beasts
 11617 | Lair:1   | Noticed a seven-headed hydra
 11658 | Lair:1   | Noticed Grum
 11664 | Lair:1   | Reached ** piety under Vehumet
 11667 | Lair:1   | Killed Grum
 11942 | Lair:1   | Noticed Prince Ribbit
 11950 | Lair:1   | Paralysed by a hornet for 1 turns
 12122 | Lair:1   | Noticed Fannar
 12136 | Lair:1   | Killed Fannar
 12137 | Lair:1   | Reached skill level 10 in Spellcasting
 12168 | Lair:1   | Reached skill level 5 in Conjurations
 12168 | Lair:1   | Reached XP level 12. HP: 48/116 MP: 4/26
 12394 | Lair:1   | Killed a seven-headed hydra
 12469 | Lair:1   | Killed Prince Ribbit
 13774 | Lair:2   | You fall into a shaft and drop 1 floor!
 13826 | Lair:3   | Offered knowledge of Inner Flame by Vehumet.
 14294 | Lair:3   | Found a staircase to the Snake Pit.
 14807 | Lair:3   | Reached skill level 10 in Conjurations
 14860 | Lair:3   | Reached *** piety under Vehumet
 15035 | Lair:3   | Identified the +0 falchion of Tin Doli {holy, ^Contam rN+++
                  | SInv Stlth-}
 15048 | Lair:3   | Reached skill level 1 in Fire Magic
 15505 | Lair:2   | Gained mutation: You can use your snake-like lower body to
                  | constrict enemies. [Naga growth]
 15505 | Lair:2   | Reached XP level 13. HP: 64/123 MP: 12/27
 15762 | Lair:2   | Reached skill level 5 in Fire Magic
 15959 | Lair:2   | Found a staircase to the Swamp.
 16787 | Lair:4   | Reached skill level 11 in Spellcasting
 16943 | Lair:4   | Offered knowledge of Frozen Ramparts by Vehumet.
 17487 | Lair:4   | Found a staircase to the Slime Pits.
 17522 | Lair:4   | Reached skill level 12 in Spellcasting
 18115 | Lair:4   | Learned a level 5 spell: Freezing Cloud
 18128 | Lair:5   | Entered Level 5 of the Lair of Beasts
 18182 | Lair:5   | Reached skill level 1 in Ice Magic
 18182 | Lair:5   | Reached skill level 1 in Air Magic
 18291 | Lair:5   | Reached **** piety under Vehumet
 18571 | Lair:5   | Offered knowledge of Airstrike by Vehumet.
 18670 | Lair:5   | Reached skill level 13 in Spellcasting
 18675 | Lair:5   | Reached XP level 14. HP: 75/132 MP: 5/31
 18872 | Lair:5   | Noticed a dire elephant
 19811 | Lair:5   | Reached skill level 14 in Spellcasting
 20099 | Lair:5   | Killed a dire elephant
 20321 | Lair:5   | Noticed a dire elephant
 20331 | Lair:5   | Killed a dire elephant
 20597 | Lair:5   | Found a burning altar of Makhleb.
 20613 | Lair:5   | Reached ***** piety under Vehumet
 20633 | Lair:5   | Offered knowledge of Irradiate by Vehumet.
 20656 | Lair:5   | Killed from afar by a hell hound

Illustrated notes

Levels and vault maps discovered:
D:1:      dpeg_arrival_circle_labyrinth_c, layout_basic,
          hellmonk_ecumenical_altar_run_dry, nicolae_shop_unique_rings
D:2:      layout_rooms
D:3:      layout_loops_ring, minmay_misc_feat_four_crosses
D:4:      kennysheep_kobold_camp, layout_rooms, minitemple, uniq_robin
D:5:      layout_gridville, uniq_duvessa
D:6:      layout_rooms, serial_shops, shop, uniq_maggie, uniq_jeremiah
D:7:      layout_basic, minmay_temple_entry_stoned_glass, minivault_14,
          uniq_pikel
D:8:      layout_rooms, grunt_dithmenos_smoke, minmay_lair_entry_lava,
          ebering_ghost_xom, uniq_maurice
D:9:      layout_grid_maze, serial_ice, serial_ice_e, serial_ice_b,
          serial_ice_f, serial_ice_d, serial_ice_h, serial_ice_c, serial_ice_o,
          serial_ice_l
D:10:     layout_roguey, old_standard_altar, ebering_ghost_funeral_grove
Temple:   hellmonk_temple_divided_pantheon
Lair:1:   layout_cave_pods, dreamdust_wasp_nest, infiniplex_staircase_pool,
          uniq_grum, uniq_fannar, uniq_prince_ribbit2
Lair:2:   layout_cave_pods, swamp_mist, chequers_serial_rivers_micro_d,
          grunt_megastairs_1, lemuel_fruit_fields
Lair:3:   layout_gridlike, minmay_snake_entry_guardpost_small
Lair:4:   layout_regular_city, dpeg_slime_entry_enclosed, columned_hall_lemuel,
          minivault_23
Lair:5:   evil_forest, layout_loops_ring, chequers_serial_rivers_small_a,
          infiniplex_staircase_pool_2, serial_bayou_shore_b

Skill      XL: |  1  2  3  4  5  6  7  8  9 10 11 12 13 14 |
---------------+-------------------------------------------+-----
Alchemy        | 4 5 6 8 |  8.0
Spellcasting   | 3 4 7 10 13 14 | 14.4
Fighting       | 1 3 6 10 | 10.8
Stealth        | 6 9 10 | 10.0
Armour         | 1 4 |  4.0
Dodging        | 2 4 |  4.0
Earth Magic    | 3 |  3.0
Conjurations   | 5 10 | 10.0
Fire Magic     | 4 6 |  6.0
Ice Magic      | 3 |  3.0
Air Magic      | 3 |  3.0

Action                     |  1- 3 |  4- 6 |  7- 9 | 10-12 | 13-15 || total
---------------------------+-------+-------+-------+-------+-------++-------
  Melee: Unarmed           |     8 |    24 |       |       |       ||    32
         Punch             |       |     1 |       |       |       ||     1
         Whip              |       |     1 |     4 |       |       ||     5
         Trident           |       |       |    44 |    51 |    49 ||   144
         Constrict         |       |       |       |       |    14 ||    14
   Cast: Sting             |    36 |    92 |    76 |    33 |       ||   237
         Olgreb's Toxic Ra |       |     6 |    37 |   126 |    55 ||   224
         Stone Arrow       |       |       |       |    91 |   159 ||   250
         Freezing Cloud    |       |       |       |       |    12 ||    12
Ability: Spit Poison       |    15 |    30 |    23 |    31 |    15 ||   114
  Evoke: Wand              |       |       |     2 |    24 |     2 ||    28
    Use: Potion            |       |       |       |     2 |     3 ||     5
         Scroll            |       |       |       |     2 |     1 ||     3
 Armour: Robe              |    18 |    39 |    18 |       |       ||    75
         Steam dragon scal |       |       |    55 |   260 |   189 ||   504
  Dodge: Dodged            |    13 |    31 |    48 |   153 |    93 ||   338

Table legend: (Time is in decaauts)
 A = Elapsed time spent in this place.
 B = Non-inter-level travel time spent in this place.
 C = Inter-level travel time spent in this place.
 D = Time resting spent in this place.
 E = Time spent auto-exploring this place.
 F = Levels seen in this place.
 G = Mean time per level.
                   A        B        C        D        E       F      G
               +--------+--------+--------+--------+--------+-----+--------+
         Total |  24441 |  23342 |   1099 |   2070 |  19020 |  16 | 1527.6 |
       Dungeon |  13812 |  13119 |    693 |   1301 |  10482 |  10 | 1381.2 |
        Temple |     47 |      7 |     40 |      0 |      0 |   1 |   47.0 |
          Lair |  10581 |  10215 |    366 |    769 |   8537 |   5 | 2116.2 |
               +--------+--------+--------+--------+--------+-----+--------+

Top non-repeatable levels by time:
  Lair:5: 2717 daAuts
  Lair:1: 2131 daAuts
  Lair:3: 2120 daAuts
     D:7: 1998 daAuts
  Lair:2: 1976 daAuts
     D:9: 1955 daAuts
     D:1: 1707 daAuts
  Lair:4: 1633 daAuts
     D:4: 1626 daAuts
    D:10: 1576 daAuts
     D:3: 1116 daAuts
     D:6: 1114 daAuts
     D:5: 1091 daAuts
     D:2: 887 daAuts
     D:8: 738 daAuts
